 Dungeon Crawl Stone Soup version 0.19.0-19-g8c6edcc (webtiles) character file.

140 Leibowitz the Ducker (level 5, -4/26 HPs)
             Began as a Spriggan Gladiator on Nov 13, 2016.
             Killed from afar by a white imp (11 damage)
             ... with a puff of frost
             ... summoned by Natasha
             ... on level 2 of the Dungeon.
             The game lasted 00:04:17 (2561 turns).

Leibowitz the Ducker (Spriggan Gladiator)           Turns: 2561, Time: 00:04:19

Health: -4/26      AC:  4    Str: 12    XL:     5   Next: 2%
Magic:  6/6        EV: 21    Int:  9    God:
Gold:   140        SH:  0    Dex: 17    Spells: 0 memorised, 4 levels left

rFire  . . .     SeeInvis +     a - +0 rapier
rCold  . . .     Gourm    .     b - +0 robe
rNeg   . . .     Faith    .     (shield restricted)
rPois  .         Spirit   .     c - +0 hat
rElec  .         Reflect  .     o - +1 cloak
rCorr  .         Harm     .     (gloves unavailable)
MR     .....                    (boots unavailable)
Stlth  ++........               (no amulet)
                                (no ring)
                                (no ring)

@: very quick
A: unfitting armour, see invisible, herbivore 3, speed 3, slow metabolism 2
a: no special abilities


You were on level 2 of the Dungeon.
You were not hungry.

You visited 1 branch of the dungeon, and saw 2 of its levels.

You collected 140 gold pieces.

Inventory:

Hand Weapons
 a - a +0 rapier (weapon)
Missiles
 m - a throwing net (quivered)
Armour
 b - a +0 robe (worn)
 c - a +0 hat (worn)
 o - a +1 cloak (worn)
Jewellery
 t - an uncursed ring of fire
Wands
 d - a wand of paralysis (1/24)
Scrolls
 i - a scroll of teleportation
 k - 2 scrolls of identify
 q - a scroll of enchant weapon {unknown}
Potions
 e - a potion of cure mutation
 l - a potion of curing {unknown}
 n - a potion of degeneration {unknown}
 r - a potion of heal wounds {unknown}
 s - a potion of resistance {unknown}
Comestibles
 f - 3 bread rations


   Skills:
 + Level 1.7 Fighting
 + Level 5.0 Short Blades
 + Level 2.2 Throwing
 + Level 6.1 Dodging
 + Level 1.2 Stealth


You had 4 spell levels left.
You didn't know any spells.

Dungeon Overview and Level Annotations

Branches:
Dungeon (2/15)

Altars:

Annotations:
D:2 Natasha


Innate Abilities, Weirdness & Mutations

You are very small and have problems with some larger weapons.
You are too small for most types of armour.
You have supernaturally acute eyesight. (SInv)
You are a herbivore.
You cover ground extremely quickly.
You need consume almost no food.


Message History

The frilled lizard completely misses you.
The white imp misses you.
You closely miss Natasha.
Natasha is moderately wounded.
Natasha barely misses you.
The frilled lizard completely misses you.
The white imp gestures at you. The puff of frost misses you.
You hit Natasha.
Natasha is moderately wounded.
Natasha claws you. The frilled lizard misses you.
The white imp hits you but does no damage.
You hit Natasha.
Natasha is severely wounded.
Natasha claws you!
* * * LOW HITPOINT WARNING * * *
The frilled lizard closely misses you. The white imp gestures at you.
The puff of frost hits you!
You die...

#......########.†..#
#...#.........######
#...#.#######.#
#...#.# #.# # #...#>#
#.######## ##.##.###
#.......## #.##...##
#######... #.#.....##
##........
#...@.[..###..#####..
##.5hl...##..## ##.#
#......†...## ##..#
#......#..## ##..##
#.......#.#####..##
#.......#..##...##
#.......##....###
##.....###..#######
##...## #..(.....##


You could see Natasha, a white imp and a frilled lizard.

Vanquished Creatures
  Jessica (D:1)
  Ijyb (D:2)
  3 adders (D:2)
  An ooze (D:1)
  A worm (D:2)
  2 dart slugs
  4 leopard geckos
  4 bats
  4 giant cockroaches
  5 goblins
  5 hobgoblins
  4 jackals (D:2)
  A quokka (D:2)
  4 frilled lizards
  4 kobolds
  4 rats
48 creatures vanquished.

Notes
Turn   | Place    | Note
-------+----------+-------------------------------------------
     0 | D:1      | Leibowitz the Spriggan Gladiator began the quest for the Orb.
     0 | D:1      | Reached XP level 1. HP: 10/10 MP: 2/2
   135 | D:1      | Reached skill level 5 in Dodging
   135 | D:1      | Reached XP level 2. HP: 13/14 MP: 3/3
  1021 | D:2      | Reached XP level 3. HP: 15/18 MP: 4/4
  1679 | D:2      | Reached XP level 4. HP: 14/22 MP: 5/5
  1853 | D:2      | Noticed Ijyb
  1866 | D:2      | Paralysed by Ijyb for 5 turns
  1883 | D:2      | Killed Ijyb
  1905 | D:2      | Reached skill level 6 in Dodging
  1982 | D:2      | Noticed Jessica
  1984 | D:2      | Noticed Natasha
  1998 | D:1      | Killed Jessica
  2001 | D:1      | Reached skill level 5 in Short Blades
  2197 | D:2      | Reached skill level 1 in Stealth
  2262 | D:2      | Reached XP level 5. HP: 26/26 MP: 6/6
  2561 | D:2      | Killed from afar by a white imp

Skill      XL: |  1  2  3  4 |
---------------+-------------+-----
Dodging        | 5 6 |  6.1
Short Blades   | 4 5 |  5.0
Stealth        | 1 |  1.2
Fighting       | |  1.7
Throwing       | |  2.2

Action                   |  1- 3 |  4- 6 || total
-------------------------+-------+-------++-------
Melee: Rapier            |   107 |    81 ||   188
Throw: Throwing net      |     3 |     2 ||     5
  Use: Scroll            |       |     6 ||     6
 Stab: Sleeping          |       |     2 ||     2
Armor: Robe              |     7 |     9 ||    16
Dodge: Dodged            |    84 |    77 ||   161
